 Dungeon Crawl Stone Soup version 0.18.1-50-g88ac8fd (webtiles) character file.

55 symbioosi the Poker (level 4, -1/35 HPs)
             Began as a Human Berserker on Feb 9, 2017.
             Was a Believer of Trog.
             Slain by a worker ant (4 damage)
             ... on level 4 of the Dungeon.
             The game lasted 00:18:47 (1842 turns).

symbioosi the Poker (Human Berserker)               Turns: 1842, Time: 00:18:48

Health: -1/35      AC: 11    Str: 18    XL:     4   Next: 14%
Magic:  5/5        EV:  7    Int:  7    God:    Trog [**....]
Gold:   78         SH:  0    Dex: 13    Spells: 0 memorised, 5 levels left

rFire  . . .     SeeInvis .     a - +0 spear
rCold  . . .     Gourm    .     f - +0 chain mail
rNeg   . . .     Faith    .     (no shield)
rPois  .         Spirit   .     (no helmet)
rElec  .         Dismiss  .     (no cloak)
rCorr  .         Reflect  .     k - +2 pair of gloves
SustAt .         Harm     .     (no boots)
MR     .....                    (no amulet)
Stlth  ..........               (no ring)
                                (no ring)

@: drained, not resistant to hostile enchantments, extremely unstealthy
A: no striking features
a: Berserk, Trog's Hand, Burn Spellbooks, Renounce Religion


You were on level 4 of the Dungeon.
You worshipped Trog.
Trog was pleased with you.
You were not hungry.

You visited 1 branch of the dungeon, and saw 4 of its levels.

You collected 78 gold pieces.

Inventory:

Hand Weapons
 a - a +0 spear (weapon)
Armour
 f - a +0 chain mail (worn)
 k - a +2 pair of gloves (worn)
Scrolls
 b - a scroll of identify {unknown}
 e - a scroll of immolation {unknown}
 h - a scroll of recharging {unknown}
 i - a scroll of teleportation {unknown}
 l - a scroll of fear
 m - a scroll of noise {unknown}
 n - 2 scrolls of enchant weapon {unknown}
Potions
 j - a potion of magic {unknown}
Comestibles
 c - a slice of pizza
 d - a beef jerky
 g - 2 meat rations


   Skills:
 - Level 3.0(2.0) Fighting
 - Level 3.6(2.5) Polearms
 + Level 1.8(0.8) Throwing
 - Level 2.0(1.0) Armour
 - Level 2.0(1.0) Dodging
 + Level 1.0(0.0) Unarmed Combat
 + Level 1.1(0.2) Spellcasting


You had 5 spell levels left.
You didn't know any spells.

Dungeon Overview and Level Annotations

Branches:
Dungeon (4/15)
 Temple: D:4-7

Altars:
Gozag

Annotations:
D:1 Ijyb
D:4 Lahna's ghost, amateur DDAr


Message History

You hear a shout!
The worker ant bites you but does no damage.
You barely miss the worker ant. The worker ant barely misses you.
You hit the worker ant but do no damage.
The worker ant bites you but does no damage.
An adder and a player ghost come into view.
You hit the worker ant.
The worker ant is lightly wounded.
The worker ant barely misses you.
You hit the worker ant.
The worker ant is moderately wounded.
The kobold rages.
The worker ant bites you.
* * * LOW HITPOINT WARNING * * *
The worker ant barely misses you.
Your chain mail prevents you from hitting the worker ant.
The worker ant is moderately wounded.
You hear a shout!
The worker ant bites you.
You die... ### #@# #a# #rW

#KS.
.....
#.....
#......
#.......


You could see a worker ant, Lahna's ghost, an adder, a quokka and a kobold.

Vanquished Creatures
  An adder (D:2)
  An ooze (D:3)
  2 dart slugs
  An orc (D:3)
  A ball python (D:1)
  A bat (D:2)
  A giant cockroach (D:1)
  5 hobgoblins
  2 jackals (D:3)
  A quokka (D:2)
  2 giant newts
  7 goblins
  5 kobolds
  6 rats
36 creatures vanquished.

Notes
Turn   | Place    | Note
--------------------------------------------------------------
     0 | D:1      | symbioosi the Human Berserker began the quest for the Orb.
     0 | D:1      | Reached XP level 1. HP: 18/18 MP: 1/1
   496 | D:1      | Reached XP level 2. HP: 20/24 MP: 2/2
   743 | D:2      | Reached XP level 3. HP: 10/29 MP: 3/3
   829 | D:2      | Reached skill level 1 in Throwing
   945 | D:2      | Noticed Ijyb
  1512 | D:2      | Reached skill level 1 in Spellcasting
  1587 | D:2      | Found an opulent altar of Gozag.
  1717 | D:3      | Reached skill level 1 in Unarmed Combat
  1725 | D:3      | Reached XP level 4. HP: 32/35 MP: 5/5
  1727 | D:3      | Reached ** piety under Trog
  1840 | D:4      | Noticed Lahna's ghost (amateur DDAr)
  1842 | D:4      | Slain by a worker ant

Skill      XL: |  1  2  3 |
---------------+----------+-----
Throwing       | 1 |  1.8
Spellcasting   | 1 |  1.1
Unarmed Combat | 1 |  1.0
Fighting       | |  3.0
Polearms       | |  3.6
Armour         | |  2.0
Dodging        | |  2.0

Action                   |  1- 3 |  4- 6 || total
-------------------------+-------+-------++-------
Melee: Spear             |   216 |    37 ||   253
       Punch             |     1 |       ||     1
  Use: Scroll            |     3 |       ||     3
       Potion            |     1 |       ||     1
  Eat: Bread ration      |     1 |       ||     1
Armor: Chain mail        |   141 |    40 ||   181
       Leather armour    |     2 |       ||     2
Dodge: Dodged            |    91 |    22 ||   113
